 Dungeon Crawl Stone Soup version 0.17-a0-1554-g3b847ca (webtiles) character file.

120 patman the Cudgeler (level 5, -1/32 HPs)
             Began as a Gargoyle Berserker on July 19, 2015.
             Was a Believer of Trog.
             Slain by a hungry ghost (4 damage)
             ... on level 2 of the Dungeon.
             The game lasted 00:04:10 (1127 turns).

patman the Cudgeler (Gargoyle Berserker)            Turns: 1127, Time: 00:04:11

Health: -1/32      AC: 10    Str: 20    XL:     5   Next: 4%
Magic:  5/5        EV: 11    Int:  8    God:    Trog [**....]
Gold:   97         SH:  0    Dex: 10    Spells: 0 memorised, 4 levels left

rFire  . . .     SeeInvis .     a - +0 mace
rCold  . . .     Clarity  .     f - +0 ring mail
rNeg   + . .     SustAt   .     (no shield)
rPois  ∞         Gourm    .     j - +0 helmet
rElec  +         Spirit   .     (no cloak)
rCorr  .         Warding  .     (no gloves)
rMut   .         Stasis   .     (no boots)
MR     .....                    (no amulet)
Stlth  ..........               (no ring)
                                g - ring of flight

@: very slightly contaminated, starving, not resistant to hostile enchantments,
extremely unstealthy
A: negative energy resistance 1, electricity resistance, unbreathing,
petrification resistance, rot immunity, AC +4
a: Burn Spellbooks, Berserk, Trog's Hand, Renounce Religion, Evoke Flight


You were on level 2 of the Dungeon.
You worshipped Trog.
Trog was pleased with you.
You were starving.

You visited 1 branch of the dungeon, and saw 4 of its levels.

You collected 97 gold pieces.

Inventory:

Hand weapons
 a - a +0 mace (weapon)
Missiles
 e - 3 tomahawks (quivered)
Armour
 f - a +0 ring mail (worn)
 j - a +0 helmet (worn)
Jewellery
 b - an uncursed ring of fire
 g - a ring of flight (left hand)
Scrolls
 i - 2 scrolls of magic mapping
Potions
 d - 2 potions of brilliance
Comestibles
 c - 4 bread rations
 h - a royal jelly
 l - 3 fruits
 o - a meat ration


   Skills:
 - Level 3.2 Fighting
 + Level 5.5 Maces & Flails
 - Level 2.1 Armour
 - Level 1.5 Dodging


You had 4 spell levels left.
You didn't know any spells.

Dungeon Overview and Level Annotations

Branches:
Dungeon (4/15)
 Temple: D:4-7

Altars:
Dithmenos


Innate Abilities, Weirdness & Mutations

You are resistant to torment.
Your stone body is resilient (AC +4).
You are immune to poison.
You resist negative energy.
You are resistant to electric shocks.
You can survive without breathing.
You are immune to petrification.
You are immune to rotting.


Message History

You closely miss the hungry ghost.
The hungry ghost is heavily damaged.
The hungry ghost hits you.
* * * LOW HITPOINT WARNING * * *
You are starving!
Unknown command.
You miss the hungry ghost.
The hungry ghost is heavily damaged.
The hungry ghost barely misses you.
You hit the hungry ghost but do no damage.
The hungry ghost is heavily damaged.
The hungry ghost barely misses you.
You barely miss the hungry ghost.
The hungry ghost is heavily damaged.
The hungry ghost closely misses you.
Unknown command.
You closely miss the hungry ghost.
The hungry ghost is heavily damaged.
The hungry ghost hits you.
You die...

***** *,,,* **
###########**,,,***,
#.W@.......,,,,,,,,,
#.#########**,,,**,,
#.####### ******,,
#.......# #,,
#######.# #.* #..<#
#.# #######.#.# #..
#.......#.# **#
#...)...#.# #


You could see a hungry ghost (inner flame).

Vanquished Creatures
  Robin (D:3)
  4 gnolls (D:3)
  2 adders (D:2)
  A worm (D:2)
  4 giant geckos
  4 bats
  14 goblins
  7 hobgoblins
  3 giant cockroaches
  2 giant newts (D:2)
  2 kobolds
  8 rats
52 creatures vanquished.

Notes
Turn   | Place    | Note
--------------------------------------------------------------
     0 | D:1      | patman the Gargoyle Berserker began the quest for the Orb.
     0 | D:1      | Reached XP level 1. HP: 14/14 MP: 1/1
   168 | D:1      | Reached XP level 2. HP: 14/19 MP: 2/2
   251 | D:2      | Found a shadowy altar of Dithmenos.
   348 | D:2      | Acquired Trog's second power
   390 | D:2      | Reached skill level 4 in Maces & Flails
   390 | D:2      | Reached XP level 3. HP: 23/23 MP: 3/3
   631 | D:3      | Noticed Robin
   643 | D:3      | Reached XP level 4. HP: 17/28 MP: 4/4
   649 | D:3      | Killed Robin
   651 | D:3      | Reached skill level 5 in Maces & Flails
   912 | D:3      | Reached XP level 5. HP: 32/32 MP: 5/5
  1048 | D:4      | Noticed a hungry ghost
  1127 | D:2      | Slain by a hungry ghost

Vault maps used:
D:1:      dpeg_arrival_short_road
D:2:      lemuel_crystal_altar
D:3:      wad_floor_pattern_2, uniq_crazy_yiuf_cottage, uniq_robin
D:4:      gammafunk_temple_overflow_elements, grunt_temple_overflow_open,
          overflow_temple_1_default, serial_shops, nicolae_shop_trees,
          first_bread, minmay_strange_pillars, kennysheep_boxes

Action                   |  1- 3 |  4- 6 || total
-------------------------+-------+-------++-------
Melee: Mace              |   102 |    80 ||   182
Throw: Tomahawk          |     3 |       ||     3
Invok: Berserk           |     2 |     2 ||     4
  Use: Scroll            |     1 |     4 ||     5
  Eat: Chunk             |       |     7 ||     7
       Fruit             |       |     2 ||     2
